 Dungeon Crawl Stone Soup version 0.31-a0-188-g5e087ee2ca (webtiles) character file.

Game seed: 5451896215463321853

74 qw the Shooter (level 4, 0/25 HPs)
             Began as a Deep Elf Hunter on June 23, 2023.
             Slain by a goblin
             ... wielding a +0 dagger
              (3 damage)
             ... on level 3 of the Dungeon.
             The game lasted 00:00:41 (1809 turns).

qw the Shooter (Deep Elf Hunter)                    Turns: 1809, Time: 00:00:42

Health: 0/25       AC:  6    Str: 10    XL:     4   Next: 9%
Magic:  6/6        EV:  9    Int: 14    God:
Gold:   116        SH:  0    Dex: 18    Spells: 3/3 levels left

rFire   . . .        Y - +0 shortbow
rCold   . . .        (shield currently unavailable)
rNeg    . . .        j - +0 scale mail
rPois   +            (no helmet)
rElec   .            (no cloak)
rCorr   .            (no gloves)
SInv    .            (no boots)
Will    .....        (no amulet)
Stlth   +            g - ring of poison resistance
HPRegen 0.24/turn    (no ring)
MPRegen 0.10/turn

%: no passive effects
@: no status effects
A: no striking features
a: no special abilities


You were on level 3 of the Dungeon.
You visited 1 branch of the dungeon, and saw 3 of its levels.

You collected 116 gold pieces.


   Skills:
 - Level 1.5 Fighting
 + Level 7.5 Ranged Weapons
 - Level 2.4 Dodging
 - Level 1.2 Stealth


You had 3 spell levels left.
You didn't know any spells.
Your spell library was empty.

Inventory:

Hand Weapons
 Y - a +0 shortbow (weapon)
Armour
 j - a +0 scale mail (worn)
Jewellery
 g - a ring of poison resistance (left hand)
Potions
 a - a potion of curing {unknown}
 d - 3 potions of heal wounds
 f - a potion of invisibility {unknown}
 h - a potion of berserk rage {unknown}
 i - a potion of attraction {unknown}
 m - a potion of magic {unknown}
 n - a potion of enlightenment {unknown}

Dungeon Overview and Level Annotations

Branches:
Dungeon (3/15)

Altars:


Message History

The orc hits you with a +0 short sword. The goblin hits you but does no damage.
You shoot an arrow. The arrow barely misses the orc.
The goblin barely misses you. The orc hits you with a +0 short sword.
The orc hits you but does no damage. The goblin hits you but does no damage.
You shoot an arrow.
The arrow hits the orc but does no damage.
The orc is moderately wounded.
The orc hits you with a +0 short sword.
A kobold comes into view. It is wielding a +0 whip.
The goblin hits you but does no damage.
You shoot an arrow. The kobold shouts!
The arrow hits the orc but does no damage.
The orc is moderately wounded.
The orc hits you but does no damage. The goblin hits you but does no damage.
You shoot an arrow. The arrow barely misses the orc.
The goblin barely misses you. The orc hits you but does no damage.
The orc hits you with a +0 short sword. The goblin hits you but does no damage.
You shoot an arrow.
The arrow hits the orc but does no damage.
The orc is moderately wounded.
The orc hits you with a +0 short sword. The goblin completely misses you.
You shoot an arrow. The arrow hits the orc.
The orc is almost dead.
The goblin hits you but does no damage. The orc hits you but does no damage.
You shoot an arrow. The arrow barely misses the orc.
The goblin hits you but does no damage. The orc hits you with a +0 short sword.
The orc barely misses you. The goblin closely misses you.
You shoot an arrow. The arrow closely misses the orc.
The orc closely misses you. The goblin hits you with a +0 dagger.
You shoot an arrow.
The arrow hits the orc but does no damage.
The orc is almost dead.
The orc hits you with a +0 short sword. The goblin hits you with a +0 dagger.
You shoot an arrow.
The arrow hits the orc but does no damage.
The orc is almost dead.
The goblin misses you. The orc hits you with a +0 short sword.
The orc hits you but does no damage. The goblin hits you with a +0 dagger.
You die...

##.####........#
.....##........#######.#
##....#.................
....#.%......#.#.#####.
##...%###...##.#.#
##.#.## ##.###.#.#####.#
##.... #.............#
#...#.. ##.####.#####.#
...# #. .# #@# #..
#.....og# ##. ..#...:K.
#......### ##.#### # #
..


You could see an orc, a goblin and a kobold.

Vanquished Creatures
  2 adders (D:2)
  4 ball pythons
  3 bats
  2 endoplasms (D:2)
  2 giant cockroaches (D:1)
  10 hobgoblins
  4 jackals (D:3)
  7 kobolds
  2 quokkas
  4 frilled lizards
  4 goblins
  4 rats (D:1)
48 creatures vanquished.

Notes
Turn   | Place    | Note
-------+----------+-------------------------------------------
     0 | D:1      | qw the Deep Elf Hunter began the quest for the Orb.
     0 | D:1      | Reached XP level 1. HP: 12/12 MP: 3/3
     0 | D:1      | 0 ||| qw: Version: 0.3-a-9-g12657ce
     0 | D:1      | 0 ||| qw: Game counter: 3936
     0 | D:1      | 0 ||| qw: Always use a shield: true
     0 | D:1      | 0 ||| qw: God list: Okawaru
     0 | D:1      | 0 ||| qw: Allow faded altars: false
     0 | D:1      | 0 ||| qw: Do Orc after D:15 true
     0 | D:1      | 0 ||| qw: Do second Lair branch before Depths: true
     0 | D:1      | 0 ||| qw: Lair rune preference: random
     0 | D:1      | 0 ||| qw: Plans: Normal
     0 | D:1      | 0 ||| PLANNING D:1-11
    35 | D:1      | HP: 3/12 [hobgoblin (4)]
   156 | D:1      | Reached skill level 6 in Ranged Weapons
   156 | D:1      | Reached XP level 2. HP: 16/16 MP: 4/4
   828 | D:1      | 828 ||| UPGRADING to ring of poison resistance.
   829 | D:1      | 829 ||| READING scroll labelled GIR PIPECZE.
   830 | D:1      | 830 ||| READING 2 scrolls labelled NIFFEHOYRICS.
   931 | D:1      | 931 ||| DRINKING 3 sapphire potions.
   932 | D:1      | 932 ||| DROPPING scroll of butterflies.
   933 | D:1      | 933 ||| DROPPING scroll of silence.
   998 | D:2      | Reached XP level 3. HP: 20/20 MP: 5/5
  1103 | D:2      | Reached skill level 7 in Ranged Weapons
  1621 | D:2      | 1621 ||| UPGRADING to +0 scale mail.
  1631 | D:2      | 1631 ||| DROPPING +0 leather armour.
  1632 | D:2      | 1632 ||| READING scroll labelled YNOIDE GIEBRACRO.
  1633 | D:2      | 1633 ||| READING scroll labelled SAN AVAUTI.
  1634 | D:2      | 1634 ||| READING scroll labelled BYOKEKHLAMEUL.
  1635 | D:2      | 1635 ||| READING scroll labelled YCEBRO VUOCK.
  1636 | D:2      | 1636 ||| READING scroll labelled XAARHUEGRE.
  1637 | D:2      | 1637 ||| READING scroll labelled INKUSAMUMOU.
  1641 | D:2      | 1641 ||| READING scroll labelled BEOGOYTW KIOXTE.
  1652 | D:3      | 1652 ||| STAIRDANCE
  1760 | D:3      | Reached XP level 4. HP: 25/25 MP: 6/6
  1809 | D:3      | HP: 3/25 [orc/+0 short sword (4)]
  1809 | D:3      | Slain by a goblin

Levels and vault maps discovered:
D:1:      ncdulo_wetmaze, layout_basic, nrook_loot_triangle, nrook_campfire
D:2:      layout_basic
D:3:      layout_loops_ring, trog_book, gammafunk_temple_overflow_wave

Skill      XL: |  1  2  3 |
---------------+----------+-----
Ranged Weapons | 6 7 |  7.5
Fighting       | |  1.5
Dodging        | |  2.4
Stealth        | |  1.2

Action                     |  1- 3 |  4- 6 || total
---------------------------+-------+-------++-------
   Fire: Shortbow          |   139 |    27 ||   166
    Use: Scroll            |     9 |       ||     9
         Potion            |     1 |       ||     1
 Armour: Leather armour    |    10 |       ||    10
         Scale mail        |     3 |    25 ||    28
  Dodge: Dodged            |    31 |    22 ||    53

Table legend:
 A = Non-vault XP
 B = Vault XP
 C = Vault XP percentage of total XP
 D = Non-vault monster count
 E = Vault monster count
 F = Vault count percentage of total count
                 A         B        C        D         E       F
            +---------+---------+-------+---------+---------+-------
      Total |     106 |       0 |   0.0 |      48 |       0 |   0.0
            +---------+---------+-------+---------+---------+-------
        D:1 |      34 |       0 |   0.0 |      21 |       0 |   0.0
        D:2 |      56 |       0 |   0.0 |      18 |       0 |   0.0
        D:3 |      16 |       0 |   0.0 |       9 |       0 |   0.0
            +---------+---------+-------+---------+---------+-------
